 Dungeon Crawl Stone Soup version 0.30-a0-883-g5ad918d77d (webtiles) character file.

Game seed: 13776066199622091928

8 domi the Conjurer (level 2, 19/19 HPs)
             Began as a Demonspawn Conjurer on Mar 16, 2023.
             Got out of the dungeon alive.
             The game lasted 00:00:43 (412 turns).

domi the Conjurer (Demonspawn Conjurer)              Turns: 412, Time: 00:00:44

Health: 19/19      AC:  2    Str:  7    XL:     2   Next: 0%
Magic:  4/5        EV: 12    Int: 19    God:
Gold:   0          SH:  0    Dex: 11    Spells: 4/5 levels left

rFire   . . .      SeeInvis .    (no weapon)
rCold   . . .      Faith    .    (no shield)
rNeg    . . .      Spirit   .    a - +0 robe
rPois   .          Reflect  .    (no helmet)
rElec   .          Rampage  .    (no cloak)
rCorr   .                        (no gloves)
Will    .....                    (no boots)
Stlth   ++                       (no amulet)
HPRegen 0.23/turn                (no ring)
MPRegen 0.09/turn                (no ring)

@: no status effects
A: foul stench 1
a: no special abilities


You escaped.
You visited 1 branch of the dungeon, and saw 1 of its levels.

Inventory:

Armour
 a - a +0 robe (worn)
Scrolls
 c - a scroll of identify {unknown}
Potions
 b - a potion of magic


   Skills:
 - Level 1.7 Dodging
 - Level 1.7 Stealth
 - Level 2.0 Spellcasting
 + Level 4.4 Conjurations


You had 4 spell levels left.
You knew the following spells:

 Your Spells              Type           Power      Damage    Failure   Level
z - Magic Dart            Conj           72%        1d6       2%          1

Your spell library contained the following spells:

 Spells                   Type           Power      Damage    Failure   Level
 Searing Ray              Conj           36%        2d5       4%          2
 Dazzling Flash           Conj/Hex       20%        N/A       21%         3
 Fulminant Prism          Conj/Hex       5%         3d7       56%         4
 Iskenderun's Mystic Bla  Conj/Tloc      10%        2d4       56%         4


Dungeon Overview and Level Annotations

Branches:
Dungeon (1/15)

Altars:


Innate Abilities, Weirdness & Mutations

You may rarely emit foul miasma when damaged in melee.


Message History

Aim: a hobgoblin (100% to hit)
The magic dart hits the hobgoblin.
Aim: a hobgoblin (lightly wounded, 100% to hit)
The magic dart hits the hobgoblin.
Aim: a hobgoblin (moderately wounded, 100% to hit)
The magic dart hits the hobgoblin.
A bat comes into view.
The bat moves out of view.
You don't have enough magic to cast this spell.
Which direction?
As you close the door, it creaks loudly!
You start resting.
A hobgoblin opens the door.
Okay, then.
There is an open door here.
Which direction?
You close the door.
You start resting.
A hobgoblin is nearby!
Aim: a hobgoblin (lightly wounded, 100% to hit)
The magic dart hits the hobgoblin.
You don't have enough magic to cast this spell.
Unknown command.
You open the door.
There is an open door here.
You closely miss the hobgoblin. The hobgoblin barely misses you.
You barely miss the hobgoblin. The hobgoblin closely misses you.
You hit the hobgoblin but do no damage. The hobgoblin hits you.
You closely miss the hobgoblin. The hobgoblin hits you.
Aim: a hobgoblin (heavily wounded, 100% to hit)
The magic dart hits the hobgoblin.
You kill the hobgoblin!
You start resting.
A bat is nearby!
A bat is nearby!
A bat is nearby!
A bat is nearby!
You don't have enough magic to cast this spell.
Which direction?
As you close the door, it creaks loudly!
You start resting.
You open the door.
There is an open door here.
You open the door.
There is an open door here.
You open the door.
There is an open door here.
A hobgoblin comes into view.
Found a stone staircase leading down.
The hobgoblin shouts!
A hobgoblin is nearby!
A hobgoblin is nearby!
Aim: a hobgoblin (100% to hit)
The magic dart hits the hobgoblin.
Aim: a hobgoblin (severely wounded, 100% to hit)
The magic dart hits the hobgoblin.
You kill the hobgoblin!
A hobgoblin comes into view.
A hobgoblin is nearby!
A hobgoblin is nearby!
Aim: a hobgoblin (wandering, hasn't noticed you, 100% to hit)
The magic dart hits the hobgoblin.
The hobgoblin shouts!
Aim: a hobgoblin (severely wounded, 100% to hit)
The magic dart hits the hobgoblin.
You kill the hobgoblin!
c - a scroll labelled FOPODE GONEHU A frilled lizard comes into view.
A frilled lizard is nearby!
Aim: a frilled lizard (asleep, 100% to hit)
The magic dart hits the frilled lizard.
You kill the frilled lizard!
A bat is nearby!
A bat is nearby!
A bat is nearby!
Aim: a bat (wandering, hasn't noticed you, 100% to hit)
The magic dart hits the bat.
You kill the bat!
You open the door.
There is an open door here.
You open the door.
There is an open door here.
You open the door.
A frilled lizard comes into view.
A frilled lizard is nearby!
A frilled lizard is nearby!
Aim: a frilled lizard (100% to hit)
The magic dart hits the frilled lizard.
You kill the frilled lizard!
You have reached level 2!
Your demonic ancestry asserts itself...
You begin to emit a foul stench of rot and decay.
There is an open door here.
There is an open door here.
There is an open door here.
You open the door.
There is an open door here.
There is a staircase leading out of the dungeon here.
Are you sure you want to leave the Dungeon?
This will make you lose the game!
You have escaped!

#. #######.
.........###+###+###+#####.......
.........+.....'.#.......#.#...#.
.........#'#.#######.#'#...#.#.#.
.........+.#.#.....#.#...#.#.#.#.
.........#.#.#.....#.#.#.#.#.#.#.
.........#.###..>..#'#.#.#.#.....
.........#.#.#..@..#.#.#.#####.##
.........'.#.#.....'.#...#...#.#.
.........###.#'###'#.#+#.......#.
.........'.....#)'.......#...#.#.
#.##########'###.###+###.....#.#.
#.............#........#.###.#.#.
#############.#.######.#.# #.....
#.....................#.# ###...
##.##.###.##.#...####.#.########


There were no monsters in sight!

Vanquished Creatures
  An endoplasm (D:1)
  3 hobgoblins (D:1)
  A bat (D:1)
  2 frilled lizards (D:1)
  A kobold (D:1)
8 creatures vanquished.

Notes
Turn   | Place    | Note
-------+----------+-------------------------------------------
     0 | D:1      | domi the Demonspawn Conjurer began the quest for the Orb.
     0 | D:1      | Reached XP level 1. HP: 13/13 MP: 3/3
   392 | D:1      | Gained mutation: You may rarely emit foul miasma when
                  | damaged in melee. [demonic ancestry]
   392 | D:1      | Reached XP level 2. HP: 19/19 MP: 3/5
   412 | D:$      | Got out of the dungeon alive.

Illustrated notes

Levels and vault maps discovered:
D:1:      shiori_arrival_maze, layout_basic, shapermc_ecumenical_altar_gd,
          serial_shops, nicolae_shop_bloodbath_and_beyond

Action                     || total
---------------------------++-------
  Melee: Unarmed           ||     4
   Cast: Magic Dart        ||    16
  Dodge: Dodged            ||     2

Table legend: (Time is in decaauts)
 A = Elapsed time spent in this place.
 B = Non-inter-level travel time spent in this place.
 C = Inter-level travel time spent in this place.
 D = Time resting spent in this place.
 E = Time spent auto-exploring this place.
 F = Levels seen in this place.
 G = Mean time per level.
                   A        B        C        D        E       F      G
               +--------+--------+--------+--------+--------+-----+--------+
         Total |    412 |    393 |     19 |     46 |    310 |   1 |  412.0 |
       Dungeon |    412 |    393 |     19 |     46 |    310 |   1 |  412.0 |
               +--------+--------+--------+--------+--------+-----+--------+

Top non-repeatable levels by time:
     D:1: 412 daAuts

Table legend:
 A = Kills in this place as a percentage of kills in the entire game.
 B = Kills by you in this place as a percentage of kills by you in the entire game.
 C = Kills by friends in this place as a percentage of kills by friends in the entire game.
 D = Other kills in this place as a percentage of other kills in the entire game.
 E = Experience gained in this place as a percentage of experience gained in the entire game.
 F = Experience gained in this place divided by the number of levels of this place that you have seen.
                   A       B       C       D       E      F
               +-------+-------+-------+-------+-------+----------------------
         Total | 100.0 | 100.0 |   N/A |   N/A | 100.0 |  12.0
       Dungeon | 100.0 | 100.0 |   N/A |   N/A | 100.0 |  12.0
               +-------+-------+-------+-------+-------+----------------------
